Construct Section Command Post
Construct Platoon Command Post
Unlock M3 Stuart Light Tanks
Construct Company Command Post
Construct Field Infirmary
6-pounder Anti-tank Gun Team
Construct Company Command Post
Selects Heavy Armor Battlegroup
Selects Rigorous Vehicle Training
Selects Forward Repair Assembly
Selects Light Vehicle Withdraw and Refit
Unlock Towed 17-pounder Anti-tank Guns
17-pounder Anti-tank Gun Team